 Dungeon Crawl Stone Soup version 0.17-a0-1941-gcc30b76 (webtiles) character file.

1196 Kusio the Basher (level 8, -2/117 HPs)
             Began as an Ogre Berserker on Sept 30, 2015.
             Was an Elder of Trog.
             Slain by Prince Ribbit (14 damage)
             ... on level 6 of the Dungeon.
             The game lasted 00:14:20 (4452 turns).

Kusio the Basher (Ogre Berserker)                   Turns: 4452, Time: 00:14:20

Health: -2/117     AC:  5    Str: 28    XL:     8   Next: 44%
Magic:  8/8        EV: 10    Int:  6    God:    Trog [****..]
Gold:   369        SH:  0    Dex: 11    Spells: 0 memorised, 7 levels left

rFire  . . .     SeeInvis .     a - +1 mace
rCold  . . .     Clarity  .     b - +0 animal skin
rNeg   . . .     SustAt   .     (no shield)
rPois  .         Gourm    .     C - +1 hat
rElec  .         Spirit   .     p - +0 cloak
rCorr  .         Warding  .     (gloves unavailable)
rMut   .         Stasis   .     (boots unavailable)
MR     .....                    (no amulet)
Stlth  ..........               (no ring)
                                (no ring)

@: berserking (expiring), very quick, not resistant to hostile enchantments,
extremely unstealthy
A: unfitting armour, tough skin 1
a: Burn Spellbooks, Berserk, Trog's Hand, Brothers in Arms, Renounce Religion


You were on level 6 of the Dungeon.
You worshipped Trog.
Trog was greatly pleased with you.
You were not hungry.

You visited 1 branch of the dungeon, and saw 6 of its levels.

You collected 369 gold pieces.

Inventory:

Hand weapons
 a - a +1 mace (weapon)
 v - a +0 giant club
 D - a +0 giant spiked club
Armour
 b - a +0 animal skin (worn)
 p - a +0 cloak (worn)
 r - a +0 shield
 C - a +1 hat (worn)
Magical devices
 u - a wand of lightning (6)
 y - a wand of confusion (26)
 z - a wand of digging (12)
Scrolls
 h - a scroll of fear
 i - a scroll of immolation {unknown}
 j - 3 scrolls of fog
 k - a scroll of teleportation
 m - 3 scrolls of remove curse
 n - a scroll of enchant weapon
 q - a scroll of amnesia {unknown}
 w - 2 scrolls of magic mapping {unknown}
Potions
 d - 4 potions of curing
 e - a potion of might {unknown}
 g - 3 potions of flight
 o - a potion of degeneration {unknown}
 t - a potion of beneficial mutation {unknown}
 x - a potion of cancellation {unknown}
 B - a potion of haste {unknown}
Comestibles
 c - 4 bread rations
 f - a beef jerky
 l - 3 meat rations


   Skills:
 - Level 4.0 Fighting
 + Level 12.9 Maces & Flails
 - Level 2.6 Dodging


You had 7 spell levels left.
You didn't know any spells.

Dungeon Overview and Level Annotations

Branches:
Dungeon (6/15)
 Temple: D:4-7

Altars:

Shops:
D:5 [

Annotations:
D:6 Prince Ribbit


Innate Abilities, Weirdness & Mutations

You are too large for most types of armour.
You have tough skin (AC +1).


Message History

You miss Prince Ribbit.
Prince Ribbit is almost dead.
Prince Ribbit hits you!
* * * LOW HITPOINT WARNING * * *
The giant cockroach bites you.
* * * LOW HITPOINT WARNING * * *
Prince Ribbit momentarily phases out as your attack passes through him.
Prince Ribbit is almost dead.
Prince Ribbit barely misses you.
Prince Ribbit momentarily phases out as your attack passes through him.
Prince Ribbit is almost dead.
The giant cockroach bites you but does no damage.
You miss Prince Ribbit.
Prince Ribbit is almost dead.
Prince Ribbit blinks!
The giant cockroach bites you but does no damage.
Prince Ribbit momentarily phases out as your attack passes through him.
Prince Ribbit is almost dead.
Prince Ribbit hits you!
You die...

#. s# ##.## .# ...###.#
### #.....o#####.######
#.....oos@F.#.....#
#...#o####.###.##.# #####
#...#.###.## ##.#.########
#.[.####........##
##..........
#................##
##.F.######.#
#...####.....###..###....#
...# ##.## #...#.#
#.#.#..##......### #.#
#...#.###.#..#.##.####...
#.# #.#.............##.# #
#.#


You could see Prince Ribbit, an orc wizard, 3 orcs and a giant cockroach.

Vanquished Creatures
  Menkaure (D:4)
  Duvessa (D:4)
  Purgy (D:4)
  An orc warrior (D:6)
  3 ogres
  A centaur (D:5)
  Dowan (D:4)
  A scorpion (D:4)
  2 hounds
  An orc priest (D:4)
  2 orc wizards
  A worker ant (D:4)
  A hound skeleton (D:5)
  Robin (D:3)
  3 gnolls (D:6)
  6 adders
  An adder skeleton (D:4)
  An ooze (D:1)
  3 giant geckos
  21 orcs
  8 bats
  12 hobgoblins
  5 jackals (D:1)
  3 quokkas
  A giant cockroach (D:3)
  5 giant newts
  9 goblins
  5 kobolds
  A quokka zombie (D:5)
  7 rats
109 creatures vanquished.

Notes
Turn   | Place    | Note
--------------------------------------------------------------
     0 | D:1      | Kusio the Ogre Berserker began the quest for the Orb.
     0 | D:1      | Reached XP level 1. HP: 24/24 MP: 1/1
    69 | D:1      | Reached XP level 2. HP: 28/32 MP: 2/2
    88 | D:1      | Reached skill level 5 in Maces & Flails
   246 | D:1      | Acquired Trog's second power
   301 | D:1      | Reached XP level 3. HP: 35/39 MP: 3/3
   709 | D:2      | Reached skill level 6 in Maces & Flails
   894 | D:2      | Reached XP level 4. HP: 43/48 MP: 4/4
  1712 | D:3      | Noticed Robin
  1984 | D:3      | Killed Robin
  1988 | D:3      | Reached skill level 7 in Maces & Flails
  2170 | D:4      | Reached XP level 5. HP: 54/54 MP: 5/5
  2270 | D:4      | Noticed Menkaure
  2275 | D:4      | Killed Menkaure
  2275 | D:4      | Reached skill level 9 in Maces & Flails
  2275 | D:4      | Reached XP level 6. HP: 58/62 MP: 6/6
  2407 | D:4      | Noticed an ogre
  2414 | D:4      | Killed an ogre
  2627 | D:4      | Noticed Duvessa
  2629 | D:4      | Noticed Dowan
  2636 | D:4      | Killed Duvessa
  2636 | D:4      | Reached skill level 10 in Maces & Flails
  2636 | D:4      | Reached XP level 7. HP: 70/70 MP: 7/7
  2646 | D:4      | Killed Dowan
  2835 | D:4      | Noticed Purgy
  2840 | D:4      | Killed Purgy
  2840 | D:4      | Reached skill level 11 in Maces & Flails
  3086 | D:5      | Entered Level 5 of the Dungeon
  3134 | D:5      | Found Ixzicot's Armour Shop.
  3402 | D:5      | Reached XP level 8. HP: 31/78 MP: 8/8
  3905 | D:5      | Reached skill level 12 in Maces & Flails
  4116 | D:5      | You fall through a shaft!
  4152 | D:6      | Acquired Trog's third power
  4324 | D:6      | Noticed Prince Ribbit
  4452 | D:6      | Slain by Prince Ribbit

Vault maps used:
D:1:      saegor_arrival_simple_b
D:3:      tgw_sif, first_bread, uniq_robin
D:4:      uniq_duvessa, uniq_menkaure, uniq_purgy
D:5:      serial_shops, shop
D:6:      minitemple, temple_doors_a, nicolae_ossuary_entry_giza,
          uniq_prince_ribbit1

Action                   |  1- 3 |  4- 6 |  7- 9 || total
-------------------------+-------+-------+-------++-------
Melee: Mace              |    89 |   110 |   206 ||   405
Invok: Berserk           |     1 |     4 |     6 ||    11
       Burn Spellbooks   |       |     1 |       ||     1
  Use: Potion            |     1 |       |     2 ||     3
       Scroll            |       |     4 |     6 ||    10
 Stab: Sleeping          |       |     2 |       ||     2
  Eat: Chunk             |     1 |     6 |    12 ||    19
       Beef jerky        |       |     2 |       ||     2
